Map: Orbital Shipyard

Players

RubyRose

  • Race: Zerg Zerg
  • League: Diamond

MorN - Winner!

  • Race: Terran Terran
  • League: Master

VOD

Have the link to the VOD?

Description

Time

  • Played on: Nov. 18, 2015, 6:29 p.m.
  • Length: 13:21
Show
View Real Time Build Order
Export as new Build Order

RubyRose Zerg 

Build Orders: Hatch First 

Get SALT Encoding   

  12  0:01  Drone  
  13  0:09  Drone  
  14  0:17  Overlord  
  14  0:23  Extractor  
  14  0:24  Drone  
  15  0:36  Drone x2  
  17  0:47  Drone  
  18  1:02  Hatchery, Drone  
  18  1:12  Spawning Pool  
  18  1:15  Drone  
  18  1:18  Extractor  
  17  1:21  Drone  
  18  1:27  Overlord  
  18  1:38  Drone  
  19  1:50  Drone  
  20  1:59  Zergling x2  
  21  2:07  Queen  
  23  2:12  Zergling x2  
  23  2:15  Queen  
  24  2:18  Drone  
  27  2:28  Drone x2  
  29  2:30  Metabolic Boost  
  29  2:35  Drone  
  30  2:39  Drone  
  31  2:45  Queen  
  33  2:58  Drone x3  
  36  3:02  Overlord  
  36  3:10  Overlord  
  36  3:20  Queen  
  38  3:41  Zergling x18  
  47  3:44  Drone  
  48  3:53  Drone x2  
  50  3:58  Spine Crawler  
  50  4:01  Hatchery  
  48  4:19  Overlord  
  48  4:20  Overlord x2  
  48  4:23  Overlord  
  48  4:24  Extractor  
  48  4:25  Lair  
  48  4:26  Extractor  
  48  4:30  Roach Warren  
  45  4:38  Spore Crawler  
  44  4:39  Spore Crawler  
  43  4:48  Drone x4  
  43  4:49  Drone x8  
  55  5:06  Drone x2  
  51  5:23  Queen  
  49  5:36  Roach  
  49  5:37  Roach x4  
  49  5:38  Queen  
  49  5:39  Overlord  
  56  5:50  Drone x2  
  58  6:00  Ravager x4, Glial Reconstitution  
  60  6:20  Drone x4  
  62  6:30  Drone x8  
  69  6:48  Drone x3  
  69  6:51  Drone x2  
  74  7:11  Roach  
  74  7:12  Overlord, Roach x4  
  84  7:17  Ravager  
  84  7:20  Roach x2  
  84  7:21  Overlord x4  
  89  7:30  Drone, Extractor  
  89  7:31  Drone x4  
  89  7:34  Baneling Nest  
  92  7:43  Drone  
  92  7:44  Drone x5  
  98  7:45  Spore Crawler  
  98  7:50  Hatchery  
  96  7:54  Evolution Chamber  
  96  7:55  Evolution Chamber, Drone  
  95  8:04  Zergling x14  
  102  8:09  Zergling x4  
  104  8:20  Zergling x18  
  104  8:25  Zerg Ground Armor Level 1, Zerg Melee Weapons Level 1  
  113  8:48  Centrifical Hooks  
  113  8:50  Drone  
  113  8:51  Drone x16  
  113  8:53  Spire, Extractor  
  128  9:03  Hatchery  
  107  9:10  Drone x4  
  100  9:41  Queen  
  102  9:49  Pneumatized Carapace  
  101  10:13  Baneling x20  
  101  10:14  Zergling x2  
  101  10:15  Zergling x40  
  101  10:17  Queen  
  124  10:25  Roach x4  
  124  10:26  Roach x3  
  127  10:42  Zergling x14  
  112  10:48  Zergling x8  
  115  10:55  Baneling x14  
  116  11:04  Zergling x16  
  116  11:06  Roach  
  116  11:07  Roach  
  92  11:27  Overlord x3  
  92  11:28  Roach  
  92  11:29  Roach x6  
  92  11:31  Mutalisk x7  
  118  11:34  Zergling x8  
  120  11:49  Hatchery  
  110  12:16  Baneling  
  110  12:17  Baneling x13  
  110  12:21  Zergling x2  
  110  12:22  Zergling x26  
  119  12:33  Zergling x2  
  119  12:34  Zergling x10  
  119  12:35  Baneling x6  
  99  12:56  Zergling x30  
  94  12:59  Baneling x11  
Show
View Real Time Build Order
Export as new Build Order

MorN Terran - Winner!

Build Orders: Command Center First (CC), Liberator Opening, MMM Bio 

Get SALT Encoding   

  12  0:00  SCV  
  13  0:12  SCV  
  14  0:17  Supply Depot  
  14  0:25  SCV  
  15  0:39  SCV  
  16  0:57  Command Center  
  16  1:04  Refinery  
  16  1:06  SCV  
  17  1:18  Barracks  
  17  1:22  SCV  
  18  1:35  SCV  
  19  1:47  SCV  
  20  1:59  SCV  
  21  2:07  Factory, Marine  
  22  2:12  Orbital Command  
  22  2:15  Orbital Command  
  22  2:23  Refinery  
  22  2:28  Barracks Reactor  
  22  2:39  SCV  
  22  2:42  SCV  
  24  2:51  Supply Depot  
  23  2:59  Starport  
  23  3:07  SCV x2  
  23  3:10  Hellion  
  23  3:11  Hellion  
  29  3:21  Command Center  
  29  3:24  SCV  
  29  3:26  SCV  
  31  3:28  Liberator  
  31  3:31  Barracks Reactor  
  31  3:36  SCV  
  31  3:39  Hellion  
  34  3:42  SCV  
  38  3:53  SCV  
  39  3:56  Supply Depot  
  39  4:13  Hellion  
  39  4:14  Hellion  
  41  4:23  SCV  
  42  4:24  Liberator  
  42  4:25  SCV  
  42  4:27  Engineering Bay  
  42  4:28  Engineering Bay, Liberator  
  42  4:29  Refinery  
  42  4:30  Refinery  
  43  4:39  SCV x2, Hellion x2  
  55  4:45  Barracks Tech Lab  
  55  4:50  Orbital Command  
  55  4:54  SCV  
  55  4:55  SCV  
  57  5:06  Supply Depot, SCV  
  57  5:07  SCV  
  59  5:09  Hellion  
  59  5:10  Stimpack  
  61  5:19  SCV  
  61  5:56  Terran Infantry Weapons Level 1, Barracks  
  61  5:57  Terran Infantry Armor Level 1  
  61  5:59  Supply Depot, Barracks, Starport Reactor  
  61  6:05  SCV x2  
  61  6:09  Factory Reactor, Barracks  
  61  6:10  Barracks  
  48  6:25  Marine  
  47  6:27  SCV  
  48  6:34  Bunker  
  48  6:45  Marine x3  
  48  6:50  Starport Reactor  
  48  6:59  Marine  
  48  7:00  Factory Tech Lab, Marine x3  
  52  7:02  Marine  
  52  7:05  Supply Depot  
  53  7:09  Armory  
  53  7:10  SCV  
  53  7:11  Marine x3  
  53  7:12  SCV  
  53  7:15  Supply Depot, Marine, Combat Shields, Orbital Command  
  58  7:17  Marine x2  
  61  7:23  Siege Tank  
  64  7:31  Marine x4  
  64  7:34  Marauder  
  64  7:36  Marine x2  
  72  7:38  Medivac x2  
  72  7:40  SCV  
  77  7:46  SCV  
  77  7:47  SCV  
  79  7:54  Marine x5  
  79  7:55  Marauder  
  79  7:56  Terran Infantry Weapons Level 2, Terran Infantry Armor Level 2  
  86  8:03  Barracks x3  
  86  8:07  SCV  
  86  8:08  SCV, Medivac x2  
  86  8:12  Marine x3  
  91  8:13  Marine  
  91  8:16  Marauder  
  97  8:24  Marine x3  
  97  8:27  SCV  
  101  8:29  Refinery  
  101  8:33  Supply Depot, Refinery  
  101  8:35  Supply Depot x2  
  101  8:38  Supply Depot  
  101  8:55  SCV x2, Marine x6  
  109  8:56  SCV, Medivac x2  
  109  8:57  Siege Tank, Marauder  
  115  9:12  Marine x2  
  115  9:15  Marine x2  
  114  9:18  Marauder  
  114  9:19  Marine x3  
  114  9:20  Barracks Tech Lab x2  
  114  9:21  Barracks Reactor  
  114  9:22  Terran Vehicle Weapons Level 1  
  116  9:26  Medivac x2  
  116  9:29  Siege Tank  
  123  9:40  Marine x4, Marauder  
  123  9:41  Marauder x2  
  123  9:43  Supply Depot  
  123  9:44  Supply Depot x2  
  133  9:45  Marine  
  133  9:46  SCV  
  133  9:47  SCV x2  
  137  9:55  Marine  
  137  9:56  Medivac x2  
  137  9:58  SCV  
  137  9:59  SCV  
  144  10:01  Marauder  
  144  10:02  Marauder  
  144  10:05  Marauder  
  144  10:06  Marine  
  144  10:07  Factory, Marine x2  
  151  10:12  Supply Depot  
  153  10:15  Marine x2  
  153  10:18  Marine x2  
  153  10:19  Marine  
  153  10:20  SCV  
  153  10:21  SCV  
  160  10:22  Marauder  
  160  10:23  Marauder  
  160  10:26  Medivac  
  166  10:34  Marine x3  
  166  10:35  Marauder  
  170  10:41  Marine  
  170  10:42  Marine  
  137  10:44  Marauder  
  137  10:45  Marauder  
  137  10:48  Marine x3  
  137  10:49  Siege Tank, Medivac  
  148  10:56  Medivac  
  148  10:57  Marine x2, Concussive Shells, Marauder  
  152  10:59  Factory Tech Lab  
  154  11:05  Marauder  
  154  11:06  Marauder  
  154  11:07  Marine x2  
  154  11:10  Marine  
  154  11:11  Marine x2  
  163  11:18  Marauder  
  160  11:20  Marine x2  
  160  11:21  Siege Tank  
  164  11:26  Marauder  
  164  11:27  Marauder  
  164  11:28  Marine x3  
  164  11:29  Widow Mine  
  172  11:40  Marine x2  
  172  11:41  Marine  
  175  11:49  Command Center  
  175  11:53  Siege Tank  
  178  11:57  Marine x3  
  181  12:14  Missile Turret  
  181  12:15  Missile Turret  
  181  12:22  Medivac  
  181  12:26  Marine x3  
  178  12:35  Marine x2  
  180  12:37  Marine  
  181  12:48  Marine x2  
  181  12:49  Marine  
  181  12:50  Marauder x2  
  175  12:52  Marine x2  
  175  12:53  Marauder, Marine  
  175  12:54  Marine  
  181  13:01  Supply Depot, Marine x3  
Tags
 
Add a new tag
Caveats
  • Supply blocks, unpowered buildings, or Contaminate may cause inaccurate times.
  • Supply counts are checked every 10 seconds.